SL
KINGSTON TOWNSHIP KNIGHTS @ SAN MATEO DIRTY REDS
06/22/2043
 
TOP OF THE 1ST
Kingston Township Knights batting - Pitching for San Mateo Dirty Reds : RHP Travis Morgan
Pitching: RHP Travis Morgan
Batting: LHB 聲ibal Lima 0-0: Ball
1-0: Bunt for hit to 15 - play at first, batter OUT! 1-3
Batting: SHB Marcos Rom嫕 0-0: Ball
1-0: Ball
2-0: Swinging Strike
2-1: Swinging Strike
2-2: Ball
3-2: Foul Ball, location: 2F
3-2: Foul Ball, location: 2F
3-2: Base on Balls
Batting: RHB Amor Campos 0-0: Called Strike
0-1: Swinging Strike
0-2: Ball
1-2: Fly out, F8 (Flyball, 8LM, EV 84.4 MPH)
Batting: LHB Ed Mellor 0-0: Called Strike
Marcos Rom嫕 steals 2nd base
0-1: Ball
1-1: Ball
2-1: Fly out, F7 (Flyball, 7LSF, EV 85.6 MPH)
Top of the 1st over - 0 runs, 0 hits, 0 errors, 1 left on base; Kingston Township 0 - San Mateo 0
BOTTOM OF THE 1ST
San Mateo Dirty Reds batting - Pitching for Kingston Township Knights : RHP Currito Fonseca
Pitching: RHP Currito Fonseca
Batting: LHB Kalino Iolana 0-0: Ball
1-0: Ground out 6-3 (Groundball, 56, EV 91.9 MPH)
Batting: LHB Quit廨io Ruah 0-0: Ball
1-0: Called Strike
1-1: Ball
2-1: Fly out, F6 (Popup, 6S, EV 77.5 MPH)
Batting: RHB Dong-young Won 0-0: Fly out, F9 (Flyball, 9S, EV 83.8 MPH)
Bottom of the 1st over - 0 runs, 0 hits, 0 errors, 0 left on base; Kingston Township 0 - San Mateo 0
TOP OF THE 2ND
Kingston Township Knights batting - Pitching for San Mateo Dirty Reds : RHP Travis Morgan
Batting: RHB Tom Rowland 0-0: Ball
1-0: Called Strike
1-1: Ball
2-1: Foul Ball, location: 2F
2-2: SINGLE (Groundball, 4MD, EV 104.4 MPH)
Batting: LHB Juan Romero 0-0: Called Strike
0-1: Ball
1-1: Ball
2-1: Ball
3-1: Swinging Strike
3-2: Foul Ball, location: 2F
3-2: Fielders Choice at 2nd, 3-6 (Groundball, 3, EV 91.2 MPH)
Batting: RHB Seong-ho Chong 0-0: Called Strike
0-1: Ball
1-1: Called Strike
1-2: Strikes out swinging
Batting: RHB Glenn Curtis 0-0: Ball
1-0: Ball
2-0: Fly out, F8 (Flyball, 8RD, EV 81.9 MPH)
Top of the 2nd over - 0 runs, 1 hit, 0 errors, 1 left on base; Kingston Township 0 - San Mateo 0
BOTTOM OF THE 2ND
San Mateo Dirty Reds batting - Pitching for Kingston Township Knights : RHP Currito Fonseca
Batting: RHB Jason Slaybaugh 0-0: Ball
1-0: Called Strike
1-1: Called Strike
1-2: Strikes out swinging
Batting: LHB Esteban Sifuentes 0-0: Foul Ball, location: 2F
0-1: Swinging Strike
0-2: Fly out, F7 (Flyball, 78D, EV 99.4 MPH)
Batting: RHB Kawenaula Alohalani 0-0: Ball
1-0: Foul Ball, location: 2F
1-1: Ball
2-1: Foul Ball, location: 2F
2-2: Foul Ball, location: 2F
2-2: Ball
3-2: Base on Balls
Batting: RHB Manuel Ramos 0-0: Foul Ball, location: 2F
0-1: Ball
1-1: Foul Ball, location: 2F
1-2: Strikes out swinging
Bottom of the 2nd over - 0 runs, 0 hits, 0 errors, 1 left on base; Kingston Township 0 - San Mateo 0
TOP OF THE 3RD
Kingston Township Knights batting - Pitching for San Mateo Dirty Reds : RHP Travis Morgan
Batting: RHB Kazunari Mizuno 0-0: Ball
1-0: Ball
2-0: Swinging Strike
2-1: Foul Ball, location: 2F
2-2: Reached on error, E8 (Flyball, 78D, EV 99.4 MPH)
Batting: LHB 聲ibal Lima 0-0: Called Strike
0-1: Ball
1-1: Ball
2-1: Ball
3-1: Base on Balls
Batting: SHB Marcos Rom嫕 0-0: Ball
1-0: Ball
2-0: Ball
3-0: Base on Balls
Kazunari Mizuno to third
聲ibal Lima to second
Batting: RHB Amor Campos 0-0: Swinging Strike
0-1: Swinging Strike
0-2: Fly out, F6 (Popup, 15, EV 79.4 MPH)
Batting: LHB Ed Mellor 0-0: Ball
1-0: Called Strike
1-1: Ball
2-1: Fly out, F9 (Flyball, 9LDF, EV 95.6 MPH)
Runner from 3rd tags up, SCORES, no throw by RF
聲ibal Lima to third
Batting: RHB Tom Rowland 0-0: Called Strike
0-1: Ball
1-1: Called Strike
1-2: Ball
2-2: Strikes out looking
Top of the 3rd over - 1 run, 0 hits, 1 error, 2 left on base; Kingston Township 1 - San Mateo 0
BOTTOM OF THE 3RD
San Mateo Dirty Reds batting - Pitching for Kingston Township Knights : RHP Currito Fonseca
Batting: LHB Walker Ragland 0-0: Fly out, F8 (Flyball, 8LM, EV 84.4 MPH)
Batting: RHB Fortunato Rasquinha 0-0: Fly out, F7 (Flyball, 78XD, EV 91.9 MPH)
Batting: LHB Kalino Iolana 0-0: Ball
1-0: Ground out 4-3 (Groundball, 4M, EV 86.9 MPH)
Bottom of the 3rd over - 0 runs, 0 hits, 0 errors, 0 left on base; Kingston Township 1 - San Mateo 0
TOP OF THE 4TH
Kingston Township Knights batting - Pitching for San Mateo Dirty Reds : RHP Travis Morgan
Batting: LHB Juan Romero 0-0: Ball
1-0: Called Strike
1-1: SOLO HOME RUN (Line Drive, 9LD, EV 98.1 MPH), Distance : 344 ft
Batting: RHB Seong-ho Chong 0-0: SINGLE (Groundball, 4M, EV 107.5 MPH) (infield hit)
Batting: RHB Glenn Curtis 0-0: Fly out, F7 (Flyball, 78D, EV 88.8 MPH)
Batting: RHB Kazunari Mizuno 0-0: Fly out, F8 (Flyball, 8LM, EV 88.8 MPH)
Batting: LHB 聲ibal Lima 0-0: Foul Ball, location: 2F
0-1: Called Strike
0-2: Foul Ball, location: 2F
0-2: Ball
1-2: Ball
2-2: DOUBLE (Groundball, 3L, EV 102.5 MPH)
Seong-ho Chong to third
Runner from 3rd tries for Home, SAFE, no throw by RF
Batting: SHB Marcos Rom嫕 0-0: Ball
1-0: Hit by Pitch
Batting: RHB Amor Campos 0-0: Called Strike
0-1: Ball
1-1: Ball
2-1: Ball
3-1: Swinging Strike
3-2: SINGLE (Groundball, 6MD, EV 106.9 MPH)
聲ibal Lima to third
Marcos Rom嫕 to second
聲ibal Lima scores
Marcos Rom嫕 to third
Batting: LHB Ed Mellor 0-0: Called Strike
0-1: Ground out 1-3 (Groundball, 13, EV 90.6 MPH)
Top of the 4th over - 3 runs, 4 hits, 0 errors, 2 left on base; Kingston Township 4 - San Mateo 0
BOTTOM OF THE 4TH
San Mateo Dirty Reds batting - Pitching for Kingston Township Knights : RHP Currito Fonseca
Batting: LHB Quit廨io Ruah 0-0: Called Strike
0-1: Foul Ball, location: 2F
0-2: Strikes out swinging
Batting: RHB Dong-young Won 0-0: Called Strike
0-1: Foul Ball, location: 2F
0-2: Ball
1-2: Strikes out swinging
Batting: RHB Jason Slaybaugh 0-0: SINGLE (Line Drive, 9S, EV 103.1 MPH)
Batting: LHB Esteban Sifuentes 0-0: Called Strike
0-1: Ball
1-1: Ball
2-1: Foul Ball, location: 2F
2-2: Ball
Wild Pitch!
Jason Slaybaugh to second
3-2: Strikes out looking
Bottom of the 4th over - 0 runs, 1 hit, 0 errors, 1 left on base; Kingston Township 4 - San Mateo 0
TOP OF THE 5TH
Kingston Township Knights batting - Pitching for San Mateo Dirty Reds : RHP Travis Morgan
Batting: RHB Tom Rowland 0-0: Ball
1-0: Swinging Strike
1-1: SOLO HOME RUN (Flyball, 9D, EV 102.5 MPH), Distance : 350 ft
Batting: LHB Juan Romero 0-0: Called Strike
0-1: Ball
1-1: Foul Ball, location: 2F
1-2: Fly out, F8 (Flyball, 8RXD, EV 93.8 MPH)
Batting: RHB Seong-ho Chong 0-0: Ball
1-0: Ball
2-0: Swinging Strike
2-1: SINGLE (Groundball, 56D, EV 102.5 MPH)
Batting: RHB Glenn Curtis 0-0: Ball
1-0: Called Strike
1-1: Called Strike
1-2: Ball
2-2: Fielders Choice at 2nd, 1-6 (Groundball, 34S, EV 84.4 MPH)
Pitching: RHP John Walton
Batting: RHB Kazunari Mizuno 0-0: Called Strike
0-1: Swinging Strike
0-2: Ball
1-2: Strikes out looking
Top of the 5th over - 1 run, 2 hits, 0 errors, 1 left on base; Kingston Township 5 - San Mateo 0
BOTTOM OF THE 5TH
San Mateo Dirty Reds batting - Pitching for Kingston Township Knights : RHP Currito Fonseca
Batting: RHB Kawenaula Alohalani 0-0: Foul Ball, location: 2F
0-1: Foul Ball, location: 2F
0-2: Ball
1-2: Foul Ball, location: 2F
1-2: Foul Ball, location: 2F
1-2: Foul Ball, location: 2F
1-2: Foul Ball, location: 2F
1-2: Ball
2-2: Ball
3-2: Foul Ball, location: 2F
3-2: Foul Ball, location: 2F
3-2: SINGLE (Flyball, 7S, EV 89.4 MPH)
Batting: RHB Manuel Ramos 0-0: Ball
1-0: Grounds into double play, 6-4-3 (Groundball, 6, EV 108.8 MPH)
Batting: LHB Walker Ragland 0-0: Called Strike
0-1: Ball
1-1: Swinging Strike
1-2: Foul Ball, location: 2F
1-2: Ball
2-2: Strikes out swinging
Bottom of the 5th over - 0 runs, 1 hit, 0 errors, 0 left on base; Kingston Township 5 - San Mateo 0
TOP OF THE 6TH
Kingston Township Knights batting - Pitching for San Mateo Dirty Reds : RHP John Walton
Batting: LHB 聲ibal Lima 0-0: Swinging Strike
0-1: Ground out 4-3 (Groundball, 4, EV 105.0 MPH)
Batting: SHB Marcos Rom嫕 0-0: Called Strike
0-1: Ball
1-1: SINGLE (Flyball, 89S, EV 89.4 MPH)
Batting: RHB Amor Campos 0-0: Foul Ball, location: 2F
0-1: Ball
Marcos Rom嫕 steals 2nd base
1-1: Ball
2-1: Foul Ball, location: 2F
2-2: Ground out 5-3 (Groundball, 56, EV 102.5 MPH)
Batting: LHB Ed Mellor 0-0: Called Strike
0-1: Foul Ball, location: 2F
0-2: Ball
1-2: Strikes out looking
Top of the 6th over - 0 runs, 1 hit, 0 errors, 1 left on base; Kingston Township 5 - San Mateo 0
BOTTOM OF THE 6TH
San Mateo Dirty Reds batting - Pitching for Kingston Township Knights : RHP Currito Fonseca
Batting: RHB Fortunato Rasquinha 0-0: Fly out, F8 (Flyball, 89XD, EV 98.8 MPH)
Batting: LHB Kalino Iolana 0-0: Ball
1-0: Fly out, F8 (Flyball, 8LS, EV 84.4 MPH)
Batting: LHB Quit廨io Ruah 0-0: Ground out 6-3 (Groundball, 56, EV 83.1 MPH)
Bottom of the 6th over - 0 runs, 0 hits, 0 errors, 0 left on base; Kingston Township 5 - San Mateo 0
TOP OF THE 7TH
Kingston Township Knights batting - Pitching for San Mateo Dirty Reds : RHP John Walton
Batting: RHB Tom Rowland 0-0: Ball
1-0: Fly out, F8 (Flyball, 78M, EV 79.4 MPH)
Batting: LHB Juan Romero 0-0: Foul Ball, location: 2F
0-1: SINGLE (Line Drive, 8RS, EV 105.0 MPH)
Batting: RHB Seong-ho Chong Pickoff Throw to First - Out! 1-3
0-0: Ball
1-0: SINGLE (Groundball, 6MD, EV 102.5 MPH)
Batting: RHB Glenn Curtis 0-0: Ball
1-0: Ball
2-0: Ball
3-0: Base on Balls
Seong-ho Chong to second
Batting: RHB Kazunari Mizuno 0-0: Ball
1-0: Called Strike
1-1: Called Strike
1-2: Ball
2-2: Foul Ball, location: 2F
2-2: Ball
3-2: Base on Balls
Seong-ho Chong to third
Glenn Curtis to second
Batting: LHB 聲ibal Lima 0-0: Fly out, F9 (Flyball, 9S, EV 89.4 MPH)
Top of the 7th over - 0 runs, 2 hits, 0 errors, 3 left on base; Kingston Township 5 - San Mateo 0
BOTTOM OF THE 7TH
San Mateo Dirty Reds batting - Pitching for Kingston Township Knights : RHP Currito Fonseca
Batting: RHB Dong-young Won 0-0: Called Strike
0-1: Ball
1-1: Ground out 6-3 (Groundball, 6, EV 93.1 MPH)
Batting: RHB Jason Slaybaugh 0-0: Called Strike
0-1: Ground out 4-3 (Groundball, 34, EV 86.9 MPH)
Batting: LHB Esteban Sifuentes 0-0: Swinging Strike
0-1: Foul Ball, location: 2F
0-2: Ball
1-2: Ball
2-2: Foul Ball, location: 2F
2-2: Ball
3-2: Foul Ball, location: 2F
3-2: Strikes out swinging
Bottom of the 7th over - 0 runs, 0 hits, 0 errors, 0 left on base; Kingston Township 5 - San Mateo 0
TOP OF THE 8TH
Kingston Township Knights batting - Pitching for San Mateo Dirty Reds : RHP John Walton
Batting: SHB Marcos Rom嫕 0-0: Ball
1-0: Ball
2-0: Ground out 1-3 (Groundball, 34S, EV 76.2 MPH)
Batting: RHB Amor Campos 0-0: Ball
1-0: Swinging Strike
1-1: Foul Ball, location: 2F
1-2: Foul Ball, location: 2F
1-2: SINGLE (Line Drive, 34D, EV 95.0 MPH)
Pitching: RHP Henry Henry
Batting: LHB Ed Mellor 0-0: Called Strike
0-1: Ball
1-1: Ball
2-1: Ball
3-1: Called Strike
3-2: Fly out, F9 (Flyball, 9LM, EV 91.2 MPH)
Batting: RHB Tom Rowland 0-0: Ball
1-0: Ground out 5-3 (Groundball, 56S, EV 78.1 MPH)
Top of the 8th over - 0 runs, 1 hit, 0 errors, 1 left on base; Kingston Township 5 - San Mateo 0
BOTTOM OF THE 8TH
San Mateo Dirty Reds batting - Pitching for Kingston Township Knights : RHP Currito Fonseca
Batting: RHB Kawenaula Alohalani 0-0: Called Strike
0-1: Ball
1-1: Called Strike
1-2: Foul Ball, location: 2F
1-2: Ball
2-2: Fly out, F9 (Flyball, 9S, EV 97.5 MPH)
Batting: RHB Manuel Ramos 0-0: Swinging Strike
0-1: Ball
1-1: Ball
2-1: Ball
3-1: Foul Ball, location: 2F
3-2: Strikes out swinging
Batting: LHB Walker Ragland 0-0: Swinging Strike
0-1: Ground out 4-3 (Groundball, 4, EV 86.9 MPH)
Bottom of the 8th over - 0 runs, 0 hits, 0 errors, 0 left on base; Kingston Township 5 - San Mateo 0
TOP OF THE 9TH
Kingston Township Knights batting - Pitching for San Mateo Dirty Reds : RHP Henry Henry
Batting: LHB Juan Romero 0-0: Ball
1-0: Ball
2-0: Foul Ball, location: 2F
2-1: Foul Ball, location: 2F
2-2: Strikes out looking
Batting: RHB Seong-ho Chong 0-0: Ball
1-0: Foul Ball, location: 2F
1-1: Foul Ball, location: 2F
1-2: Foul Ball, location: 2F
1-2: Strikes out looking
Batting: RHB Glenn Curtis 0-0: SINGLE (Line Drive, 9S, EV 96.9 MPH)
Batting: RHB Kazunari Mizuno 0-0: Called Strike
0-1: Ball
1-1: Swinging Strike
1-2: Ball
2-2: Fielders Choice at 2nd, 6-4 (Groundball, 6, EV 86.2 MPH)
Top of the 9th over - 0 runs, 1 hit, 0 errors, 1 left on base; Kingston Township 5 - San Mateo 0
BOTTOM OF THE 9TH
San Mateo Dirty Reds batting - Pitching for Kingston Township Knights : RHP Currito Fonseca
Batting: RHB Fortunato Rasquinha 0-0: TRIPLE (Flyball, 9LD, EV 101.2 MPH)
Batting: LHB Kalino Iolana 0-0: Called Strike
0-1: Ball
1-1: Ball
2-1: Ball
3-1: Base on Balls
Batting: LHB Quit廨io Ruah 0-0: Ball
1-0: Ball
2-0: Foul Ball, location: 2F
2-1: Swinging Strike
2-2: Fly out, F8 (Line Drive, 8RD, EV 91.2 MPH)
Runner from 3rd tags up, SCORES, no throw by CF
Pitching: LHP David Blake
Batting: RHB Dong-young Won 0-0: Ball
1-0: Ball
2-0: Called Strike
2-1: Foul Ball, location: 2F
2-2: Ball
3-2: Foul Ball, location: 2F
3-2: Foul Ball, location: 2F
3-2: Base on Balls
Kalino Iolana to second
Pitching: RHP Stu Searle
Batting: RHB Jason Slaybaugh 0-0: Grounds into double play, 4-6-3 (Groundball, 4, EV 104.4 MPH)
Bottom of the 9th over - 1 run, 1 hit, 0 errors, 1 left on base; Kingston Township 5 - San Mateo 1
Thursday, June 17th, 2021 - OOTP Baseball 20.8 Build 74